AoeStats
← THAIR

Four Lakes

508681263Analyzed
1v1 RM · 10d ago on Sep 23, 2026· 50m 26s· 2 players
Game mode
Random Map
Map size
Tiny (2 player)
Population
200
Speed
Normal
Resources
Standard
Victory
Conquest
Starting age
Dark Age
Ending age
Imperial Age
RankedLock teamsTeams togetherTeam positionsShared explorationLock speedFull tech treeHidden civsTurbo modeCheats
Victory
Defeat
🇺🇸 Danes · United States
468
+8
🇧🇷 Danes · Brazil
282
-8
ig: sidneineto3
15:33 Feudal Age
16:00 Fishing Lines
20:30 Castle Age
23:47 Gillnets
33:58 Man-at-Arms
35:12 Forging
35:09 Scale Mail Armor
35:13 Padded Archer Armor
37:51 Iron Casting
38:00 Leather Archer Armor
38:02 Chain Mail Armor
40:19 Thumb Ring
41:03 Redemption
44:32 Long Swordsman
46:33 Double-Bit Axe
47:45 Ballistics
49:01 Fletching
THAIR
1:46 Loom
11:43 Feudal Age
13:09 Town Watch
14:08 Wheelbarrow
13:45 Double-Bit Axe
14:17 Fishing Lines
17:12 Scale Mail Armor
17:23 Forging
20:15 Castle Age
21:22 Gambesons
21:38 Squires
21:24 Arson
21:01 Man-at-Arms
22:04 Hand Cart
21:50 Town Patrol
22:45 Iron Casting
22:26 Chain Mail Armor
26:58 Horse Collar
29:52 Bow Saw
30:05 Gold Mining
34:10 Imperial Age
31:50 Heavy Plow
31:37 Long Swordsman
33:22 Fletching
36:37 Conscription
35:41 Hamask
36:44 Conscription
35:46 Hamask
38:55 Stone Mining
39:41 Gold Shaft Mining
40:19 Ballistics
39:29 Two-Handed Swordsman
40:23 Elite Varangian Guard
43:02 Chemistry
42:54 Champion
47:05 Plate Mail Armor
47:41 Blast Furnace
47:12 Elite Jomsviking
Connection lost

Rejoining the realm…

Still unreachable

The connection could not be restored.

Session expired

The server has moved on; the page needs a fresh start.